Workbook
Name Print_Area: Calculation!$A$1:$J$18
Name Print_Area: Example!$A$1:$J$18

Sheet Calculation
A1: Friedrich-Schiedel-Fellowship 2025 - Cohort #2
A2: =CELL("Dateiname") -> Y:\Friedrich Schiedel Fellowship\Kalkulation_allgemein\[20250428_FSF2_Cost Calculation Template.xlsx]Calculation
I3: Financial summary
A4: Fellow Name | I4: Total grant | Q4: Please fill in the yellow data fields
A5: Unique Identifier | B5: =IFERROR(VLOOKUP($B$4,Stammdaten!$E$44:$G$52,2,FALSE)," ") | I5: Budget used | K5: =SUM(K6:K11) -> 0
A6: Name of Project | B6: =IFERROR(VLOOKUP($B$4,Stammdaten!$E$44:$G$52,3,FALSE)," ") | I6: =LEFT(A16,18) -> A1. Salary upgrade | K6: =IF(N18=0,N20,N18) -> 0
I7: =A22 -> A2. Student assistants | K7: =N24 -> 0
I8: =A36 -> B1. Infrastructure | K8: =F38 -> 0
I9: =LEFT(A50,22) -> B2. Workshops & Events | K9: =F52 -> 0
I10: =LEFT(A64,16) -> B3. Travel costs | K10: =F66 -> 0
I11: =A78 -> B4. Other costs | K11: =F80 -> 0
I12: Budget available | K12: =K4-K5 -> 0
A14: A. Calculation of HR expenditures | I14: Total HR expenditures | N14: =IF(N20>0,N20+N24,N18+N24) -> 0 | P14: Info
A16: A1. Salary upgrade (fill in 1st line for TUM employees, or 2nd line for fellows outside TUM) | J16: 45688 | L16: 45689
A17: Starting date (tt.mm.yyyy) | B17: Ending date (tt.mm.yyyy) | C17: Months | D17: Individual salary group (TUM) (choose from list) | F17: Individual level of experience (choose from list) | G17: Individual workshare | I17: Upgrade-percentage | J17: monthly Salary (100%, until 10/25) | K17: Months1 | L17: monthly Salary (100%, from 11/25) | M17: Months2 | N17: Budget used | P17: Fellows with a contract less than 100% can use the fellowship to temporarily upgrade their salary. If fellows already have a 100% contract, we cannot pay individual stipends or other types of working contracts. To check this, please state your individual work share.
C18: =DATEDIF(A18,B18,"M")+1 -> 1 | J18: =IF($A$18<$L$22=TRUE,IFERROR(VLOOKUP($D$18,Tabellengehälter_2025!$A$3:$G$21,$F$18+1,FALSE),0),0) -> 0 | K18: =IFERROR(IF($B$18>$J$22,DATEDIF($A$18,$J$22,"M")+1,DATEDIF($A$18,$B$18,"M")+1),0) -> 1 | L18: =IF($B$18<$L$22=TRUE,0,IFERROR(VLOOKUP($D$18,Tabellengehälter_2026!$A$3:$G$21,$F$18+1,FALSE)," ")) -> 0 | M18: =C18-K18 -> 0 | N18: =IFERROR((J18*$I$18*$K$18)+($L$18*$I$18*$M$18),0) -> 0
A19: Starting date (tt.mm.yyyy) | B19: Ending date (tt.mm.yyyy) | C19: Months | D19: Individual salary (non-TUM) in EUR/month | G19: Individual workshare | I19: Upgrade-percentage | N19: Budget used
C20: =DATEDIF(A20,B20,"M")+1 -> 1 | N20: =IFERROR((D20/G20*I20*C20),0) -> 0
A22: A2. Student assistants | J22: 45961 | L22: 45962
A23: Starting date (tt.mm.yyyy) | B23: Ending date (tt.mm.yyyy) | C23: Months | D23: BA / no degree (choose from list) | F23: Weekly working hours | G23: Name of assistant (if available) | J23: monthly Salary (2025) | K23: Months | L23: monthly Salary (from 2026) | M23: Months | N23: Budget used | P23: Student assistants will be paid the standard TUM rates. For contracts with a weekly workload > 8 hours, social insurance fees apply. This is considered in the calculated values.
N24: =IFERROR(SUM(N25:N31),0) -> 0
C25: =DATEDIF(A25,B25,"M")+1 -> 1 | J25: =IFERROR(IF(F25>8,VLOOKUP($F25,Stundensätze!$A$5:$C$43,$O25+1,FALSE)*1.093*1.3,VLOOKUP($F25,Stundensätze!$A$5:$C$43,$O25+1,FALSE)*1.093),0) -> 0 | K25: =IFERROR(DATEDIF(A25,$J$22,"M")+1,0) -> 1510 | L25: =IFERROR(IF(F25>8,VLOOKUP($F25,Stundensätze!$A$5:$C$43,$O25+1,FALSE)*1.093*1.3,VLOOKUP($F25,Stundensätze!$E$5:$G$43,$O25+1,FALSE)*1.093),0) -> 0 | M25: =IFERROR(DATEDIF($L$22,B25,"M")+1,0) -> 0 | N25: =IFERROR(($J25*$K25)+($L25*$M25),0) -> 0 | O25: =IF(D25="BA/MA",1,2) -> 2
C26: =DATEDIF(A26,B26,"M")+1 -> 1 | J26: =IFERROR(IF(F26>8,VLOOKUP($F26,Stundensätze!$A$5:$C$43,$O26+1,FALSE)*1.093*1.3,VLOOKUP($F26,Stundensätze!$A$5:$C$43,$O26+1,FALSE)*1.093),0) -> 0 | K26: =IFERROR(DATEDIF(A26,$J$22,"M")+1,0) -> 1510 | L26: =IFERROR(IF(F26>8,VLOOKUP($F26,Stundensätze!$A$5:$C$43,$O26+1,FALSE)*1.093*1.3,VLOOKUP($F26,Stundensätze!$E$5:$G$43,$O26+1,FALSE)*1.093),0) -> 0 | M26: =IFERROR(DATEDIF($L$22,B26,"M")+1,0) -> 0 | N26: =IFERROR(($J26*$K26)+($L26*$M26),0) -> 0 | O26: =IF(D26="BA/MA",1,2) -> 2
C27: =DATEDIF(A27,B27,"M")+1 -> 1 | J27: =IFERROR(IF(F27>8,VLOOKUP($F27,Stundensätze!$A$5:$C$43,$O27+1,FALSE)*1.093*1.3,VLOOKUP($F27,Stundensätze!$A$5:$C$43,$O27+1,FALSE)*1.093),0) -> 0 | K27: =IFERROR(DATEDIF(A27,$J$22,"M")+1,0) -> 1510 | L27: =IFERROR(IF(F27>8,VLOOKUP($F27,Stundensätze!$A$5:$C$43,$O27+1,FALSE)*1.093*1.3,VLOOKUP($F27,Stundensätze!$E$5:$G$43,$O27+1,FALSE)*1.093),0) -> 0 | M27: =IFERROR(DATEDIF($L$22,B27,"M")+1,0) -> 0 | N27: =IFERROR(($J27*$K27)+($L27*$M27),0) -> 0 | O27: =IF(D27="BA/MA",1,2) -> 2
C28: =DATEDIF(A28,B28,"M")+1 -> 1 | J28: =IFERROR(IF(F28>8,VLOOKUP($F28,Stundensätze!$A$5:$C$43,$O28+1,FALSE)*1.093*1.3,VLOOKUP($F28,Stundensätze!$A$5:$C$43,$O28+1,FALSE)*1.093),0) -> 0 | K28: =IFERROR(DATEDIF(A28,$J$22,"M")+1,0) -> 1510 | L28: =IFERROR(IF(F28>8,VLOOKUP($F28,Stundensätze!$A$5:$C$43,$O28+1,FALSE)*1.093*1.3,VLOOKUP($F28,Stundensätze!$E$5:$G$43,$O28+1,FALSE)*1.093),0) -> 0 | M28: =IFERROR(DATEDIF($L$22,B28,"M")+1,0) -> 0 | N28: =IFERROR(($J28*$K28)+($L28*$M28),0) -> 0 | O28: =IF(D28="BA/MA",1,2) -> 2
C29: =DATEDIF(A29,B29,"M")+1 -> 1 | J29: =IFERROR(IF(F29>8,VLOOKUP($F29,Stundensätze!$A$5:$C$43,$O29+1,FALSE)*1.093*1.3,VLOOKUP($F29,Stundensätze!$A$5:$C$43,$O29+1,FALSE)*1.093),0) -> 0 | K29: =IFERROR(DATEDIF(A29,$J$22,"M")+1,0) -> 1510 | L29: =IFERROR(IF(F29>8,VLOOKUP($F29,Stundensätze!$A$5:$C$43,$O29+1,FALSE)*1.093*1.3,VLOOKUP($F29,Stundensätze!$E$5:$G$43,$O29+1,FALSE)*1.093),0) -> 0 | M29: =IFERROR(DATEDIF($L$22,B29,"M")+1,0) -> 0 | N29: =IFERROR(($J29*$K29)+($L29*$M29),0) -> 0 | O29: =IF(D29="BA/MA",1,2) -> 2
C30: =DATEDIF(A30,B30,"M")+1 -> 1 | J30: =IFERROR(IF(F30>8,VLOOKUP($F30,Stundensätze!$A$5:$C$43,$O30+1,FALSE)*1.093*1.3,VLOOKUP($F30,Stundensätze!$A$5:$C$43,$O30+1,FALSE)*1.093),0) -> 0 | K30: =IFERROR(DATEDIF(A30,$J$22,"M")+1,0) -> 1510 | L30: =IFERROR(IF(F30>8,VLOOKUP($F30,Stundensätze!$A$5:$C$43,$O30+1,FALSE)*1.093*1.3,VLOOKUP($F30,Stundensätze!$E$5:$G$43,$O30+1,FALSE)*1.093),0) -> 0 | M30: =IFERROR(DATEDIF($L$22,B30,"M")+1,0) -> 0 | N30: =IFERROR(($J30*$K30)+($L30*$M30),0) -> 0 | O30: =IF(D30="BA/MA",1,2) -> 2
C31: =DATEDIF(A31,B31,"M")+1 -> 1 | J31: =IFERROR(IF(F31>8,VLOOKUP($F31,Stundensätze!$A$5:$C$43,$O31+1,FALSE)*1.093*1.3,VLOOKUP($F31,Stundensätze!$A$5:$C$43,$O31+1,FALSE)*1.093),0) -> 0 | K31: =IFERROR(DATEDIF(A31,$J$22,"M")+1,0) -> 1510 | L31: =IFERROR(IF(F31>8,VLOOKUP($F31,Stundensätze!$A$5:$C$43,$O31+1,FALSE)*1.093*1.3,VLOOKUP($F31,Stundensätze!$E$5:$G$43,$O31+1,FALSE)*1.093),0) -> 0 | M31: =IFERROR(DATEDIF($L$22,B31,"M")+1,0) -> 0 | N31: =IFERROR(($J31*$K31)+($L31*$M31),0) -> 0 | O31: =IF(D31="BA/MA",1,2) -> 2
A34: B. Calculation of non-HR expenditures | J34: Total non-HR expenditures | N34: =F38+F52+F66+F80 -> 0
A36: B1. Infrastructure
A37: Description | D37: Price per item / EUR | E37: pieces | F37: Budget used | H37: Fellows Comments | P37: If you buy equipment, such as hardware or software, please make sure, that adressee of the invoice is Technical University Munich Chair or Professorship Street and number XXXXX München Germany Please state the unique identifier of your project and / or your name when ordering! This enables the correct accounting of your project costs.
F38: =SUM(F39:F48) -> 0
F39: =D39*E39 -> 0
F40: =D40*E40 -> 0
F41: =D41*E41 -> 0
F42: =D42*E42 -> 0
F43: =D43*E43 -> 0
F44: =D44*E44 -> 0
F45: =D45*E45 -> 0
F46: =D46*E46 -> 0
F47: =D47*E47 -> 0
F48: =D48*E48 -> 0
A50: B2. Workshops & Events (organized by the fellow)
A51: Description | E51: Price in EUR | F51: Budget used | H51: Fellows Comments | P51: If you order services, such as catering, please make sure, that adressee of the invoice is Technical University Munich Chair or Professorship Street and number XXXXX München Germany Please state the unique identifier of your project and / or your name when ordering! This enables the correct accounting of your project costs.
F52: =SUM(E53:E62) -> 0
A64: B3. Travel costs (conferences, workshops visited by the fellow)
A65: Description | E65: Price in EUR | F65: Budget used | H65: Fellows Comments | P65: The relevant travel costs can be reimbursed according to the rules of BayRKG (Bayerisches Reisekostengesetz): That means: train tickets second class flight tickets economy public transport hotel costs up to 90 /120 EUR (small city / big city) Uber or taxis only when public transport is not available Please state the unique identifier of your project and / or your name when ordering! This enables the correct accounting of your project costs.
F66: =SUM(E67:E76) -> 0
A78: B4. Other costs
A79: Description | E79: Price in EUR | F79: Budget used | H79: Fellows Comments
F80: =SUM(E81:E91) -> 0

Sheet Tabellengehälter
A1: Entgelttabelle TV-L 2024 (bis 31.10.2024, inkl. AG-Anteil 26,44%) | H1: Jahressonderzahlung TV-L
A2: € | B2: 1 | C2: 2 | D2: 3 | E2: 4 | F2: 5 | G2: 6
A3: E 15Ü | B3: 8074.5577 | C3: 8948.9165 | D3: 9778.7436 | E3: 10322.979 | F3: 10456.86 | H3: 0.3253 | J3: 2018 | K3: 2019 | L3: 2020 | M3: 2022
A4: E 15 | B4: 6639.1066 | C4: 7128.7589 | D4: 7387.5068 | E4: 8306.553 | F4: 9002.4868 | G4: 9268.858 | H4: 0.3253 | I4: E 14 bis E 15 | J4: 0.35 | K4: 0.3398 | L4: 0.3295 | M4: 0.3253
A5: E 14 | B5: 6022.6646 | C5: 6468.4867 | D5: 6834.3234 | E5: 7387.5068 | F5: 8235.1259 | G5: 8478.4975 | H5: 0.3253 | I5: E 12 bis E 13 | J5: 0.5 | K5: 0.4854 | L5: 0.4707 | M5: 0.4647
A6: E 13Ü | C6: 6045.3882 | D6: 6361.2131 | E6: 7471.0721 | F6: 8328.2791 | G6: 8574.4037 | H6: 0.3253 | I6: E 9a bis E 11 | J6: 0.8 | K6: 0.7766 | L6: 0.7531 | M6: 0.7435
A7: E 13 | B7: 5625.5186 | C7: 6045.3882 | D7: 6361.2131 | E7: 6974.7909 | F7: 7822.9751 | G7: 8053.9303 | H7: 0.4647 | I7: E 5 bis E 8 | J7: 0.95 | K7: 0.9219 | L7: 0.894 | M7: 0.88295
A8: E 12 | B8: 5082.4159 | C8: 5431.7972 | D8: 6171.7208 | E8: 6821.403 | F8: 7660.5644 | G8: 7886.6339 | H8: 0.4647 | I8: E 1 bis E 4 | K8: 0.9169 | L8: 0.8891 | M8: 0.88295
A9: E 11 | B9: 5031.9931 | C9: 5361.9588 | D9: 5737.8061 | E9: 6309.7745 | F9: 7140.0463 | G9: 7350.4274 | H9: 0.7435
A10: E 10 | B10: 4858.7524 | C10: 5182.5549 | D10: 5553.2998 | E10: 5931.5103 | F10: 6651.1267 | G10: 6846.8449 | H10: 0.7435
A11: E 9b | B11: 4339.0704 | C11: 4651.2448 | D11: 4854.6167 | E11: 5416.5951 | F11: 5894.6385 | G11: 6067.6779 | H11: 0.7435
A12: E 9a | B12: 4339.0704 | C12: 4651.2448 | D12: 4719.0534 | E12: 4854.6167 | F12: 5416.5951 | G12: 5573.5483 | H12: 0.7435
A13: E 8 | B13: 4128.453 | C13: 4436.6176 | D13: 4607.8985 | E13: 4770.6819 | F13: 4950.569 | G13: 5061.9193 | H13: 0.88295
A14: E 7 | B14: 3892.1103 | C14: 4193.0533 | D14: 4419.4596 | E14: 4590.7813 | F14: 4727.8549 | G14: 4847.757 | H14: 0.88295
A15: E 6 | B15: 3828.7317 | C15: 4126.6069 | D15: 4292.7432 | E15: 4462.3138 | F15: 4573.6505 | G15: 4693.5661 | H15: 0.88295

Sheet Tabellengehälter_2025_1
A1: Entgelttabelle TV-L 2025 (ab 01.11.2024 bis 31.01.2025, inkl. AG-Anteil 30% und JSZ) | H1: Jahressonderzahlung TV-L
A2: € | B2: 1 | C2: 2 | D2: 3 | E2: 4 | F2: 5 | G2: 6
A3: E15Ü | B3: 8211.0398 | C3: 9085.3985 | D3: 9915.2257 | E3: 10459.461 | F3: 10593.342 | H3: 0.3253 | J3: 2018 | K3: 2019 | L3: 2020 | M3: 2022
A4: E15 | B4: 6775.5886 | C4: 7265.2409 | D4: 7523.9889 | E4: 8443.035 | F4: 9138.9688 | G4: 9405.34 | H4: 0.3253 | I4: E 14 bis E 15 | J4: 0.35 | K4: 0.3398 | L4: 0.3295 | M4: 0.3253
A5: E14 | B5: 6159.1467 | C5: 6604.9687 | D5: 6970.8054 | E5: 7523.9889 | F5: 8371.6079 | G5: 8614.9795 | H5: 0.3253 | I5: E 12 bis E 13 | J5: 0.5 | K5: 0.4854 | L5: 0.4707 | M5: 0.4647
A6: E13Ü | C6: 6183.4141 | D6: 6499.239 | E6: 7609.098 | F6: 8466.305 | G6: 8712.4296 | H6: 0.3253 | I6: E 9a bis E 11 | J6: 0.8 | K6: 0.7766 | L6: 0.7531 | M6: 0.7435
A7: E13 | B7: 5763.5445 | C7: 6183.4141 | D7: 6499.239 | E7: 7112.8168 | F7: 7961.001 | G7: 8191.9562 | H7: 0.4647 | I7: E 5 bis E 8 | J7: 0.95 | K7: 0.9219 | L7: 0.894 | M7: 0.8814
A8: E12 | B8: 5220.4418 | C8: 5569.8231 | D8: 6309.7467 | E8: 6959.4289 | F8: 7798.5903 | G8: 8024.6598 | H8: 0.4647 | I8: E 1 bis E 4 | K8: 0.9169 | L8: 0.8891 | M8: 0.8743
A9: E11 | B9: 5173.1065 | C9: 5503.0722 | D9: 5878.9195 | E9: 6450.8878 | F9: 7281.1597 | G9: 7491.5541 | H9: 0.7435
A10: E10 | B10: 4999.8657 | C10: 5323.6683 | D10: 5694.4131 | E10: 6072.6236 | F10: 6792.24 | G10: 6987.9851 | H10: 0.7435
A11: E9b | B11: 4480.1838 | C11: 4792.3582 | D11: 4995.7301 | E11: 5557.7084 | F11: 6035.7519 | G11: 6208.7912 | H11: 0.7435
A12: E9a | B12: 4480.1838 | C12: 4792.3582 | D12: 4860.1667 | E12: 4995.7301 | F12: 5557.7084 | G12: 5714.6617 | H12: 0.7435
A13: E8 | B13: 4271.1102 | C13: 4579.2748 | D13: 4750.5557 | E13: 4913.3391 | F13: 5093.2262 | G13: 5204.5765 | H13: 0.8814
A14: E 7 | B14: 4034.7675 | C14: 4335.7105 | D14: 4562.1168 | E14: 4733.4385 | F14: 4870.5121 | G14: 4990.4142 | H14: 0.8814
A15: E 6 | B15: 3971.3889 | C15: 4269.2641 | D15: 4435.4004 | E15: 4604.971 | F15: 4716.3077 | G15: 4836.2233 | H15: 0.8814

Sheet Example
A1: Friedrich-Schiedel-Fellowship 2025 - Cohort #2
A2: =CELL("Dateiname") -> Y:\Friedrich Schiedel Fellowship\Kalkulation_allgemein\[20250428_FSF2_Cost Calculation Template.xlsx]Calculation
I3: Financial summary
A4: Fellow Name | I4: Total grant | K4: 30000 | Q4: Please fill in the yellow data fields
A5: Unique Identifier | B5: =IFERROR(VLOOKUP($B$4,Stammdaten!$E$44:$G$52,2,FALSE)," ") | I5: Budget used | K5: =SUM(K6:K11) -> 36917.001
A6: Name of Project | B6: =IFERROR(VLOOKUP($B$4,Stammdaten!$E$44:$G$52,3,FALSE)," ") | I6: =LEFT(A16,18) -> A1. Salary upgrade | K6: =IF(N18=0,N20,N18) -> 20749.837
I7: =A22 -> A2. Student assistants | K7: =N24 -> 7775.1648
I8: =A36 -> B1. Infrastructure | K8: =F38 -> 4000
I9: =LEFT(A50,22) -> B2. Workshops & Events | K9: =F52 -> 3500
I10: =LEFT(A64,16) -> B3. Travel costs | K10: =F66 -> 558
I11: =A78 -> B4. Other costs | K11: =F80 -> 334
I12: Budget available | K12: =K4-K5 -> -6917.0015
A14: A. Calculation of HR expenditures | I14: Total HR expenditures | N14: =IF(N20>0,N20+N24,N18+N24) -> 28525.001 | P14: Info
A16: A1. Salary upgrade (fill in 1st line for TUM employees, or 2nd line for fellows outside TUM) | J16: 45688 | L16: 45689
A17: Starting date (tt.mm.yyyy) | B17: Ending date (tt.mm.yyyy) | C17: Months | D17: Individual salary group (TUM) (choose from list) | F17: Individual level of experience (choose from list) | G17: Individual workshare | I17: Upgrade-percentage | J17: monthly Salary (100%, until 10/25) | K17: Months1 | L17: monthly Salary (100%, from 11/25) | M17: Months2 | N17: Budget used | P17: Fellows with a contract less than 100% can use the fellowship to temporarily upgrade their salary. If fellows already have a 100% contract, we cannot pay individual stipends or other types of working contracts. To check this, please state your individual work share.
A18: 45992 | B18: 46387 | C18: =DATEDIF(A18,B18,"M")+1 -> 13 | D18: E13 | F18: 1 | G18: 0.75 | I18: 0.25 | J18: =IF($A$18<$L$22=TRUE,IFERROR(VLOOKUP($D$18,Tabellengehälter_2025!$A$3:$G$21,$F$18+1,FALSE),0),0) -> 0 | K18: =IFERROR(IF($B$18>$J$22,DATEDIF($A$18,$J$22,"M")+1,DATEDIF($A$18,$B$18,"M")+1),0) -> 0 | L18: =IF($B$18<$L$22=TRUE,0,IFERROR(VLOOKUP($D$18,Tabellengehälter_2026!$A$3:$G$21,$F$18+1,FALSE)," ")) -> 6384.5651 | M18: =C18-K18 -> 13 | N18: =IFERROR((J18*$I$18*$K$18)+($L$18*$I$18*$M$18),0) -> 20749.837
A19: Starting date (tt.mm.yyyy) | B19: Ending date (tt.mm.yyyy) | C19: Months | D19: Individual salary (non-TUM) in EUR/month | G19: Individual workshare | I19: Upgrade-percentage | N19: Budget used
C20: =DATEDIF(A20,B20,"M")+1 -> 1 | N20: =IFERROR((D20/G20*I20*C20),0) -> 0
A22: A2. Student assistants | J22: 45961 | L22: 45962
A23: Starting date (tt.mm.yyyy) | B23: Ending date (tt.mm.yyyy) | C23: Months | D23: BA / no degree (choose from list) | F23: Weekly working hours | G23: Name of assistant (if available) | J23: monthly Salary (2025) | K23: Months | L23: monthly Salary (from 2026) | M23: Months | N23: Budget used | P23: Student assistants will be paid the standard TUM rates. For contracts with a weekly workload > 8 hours, social insurance fees apply. This is considered in the calculated values.
N24: =IFERROR(SUM(N25:N31),0) -> 7775.1648
A25: 45748 | B25: 46022 | C25: =DATEDIF(A25,B25,"M")+1 -> 9 | D25: no degree | F25: 10 | G25: Test | J25: =IFERROR(IF(F25>8,VLOOKUP($F25,Stundensätze!$A$5:$C$43,$O25+1,FALSE)*1.093*1.3,VLOOKUP($F25,Stundensätze!$A$5:$C$43,$O25+1,FALSE)*1.093),0) -> 863.9072 | K25: =IFERROR(DATEDIF(A25,$J$22,"M")+1,0) -> 7 | L25: =IFERROR(IF(F25>8,VLOOKUP($F25,Stundensätze!$A$5:$C$43,$O25+1,FALSE)*1.093*1.3,VLOOKUP($F25,Stundensätze!$E$5:$G$43,$O25+1,FALSE)*1.093),0) -> 863.9072 | M25: =IFERROR(DATEDIF($L$22,B25,"M")+1,0) -> 2 | N25: =IFERROR(($J25*$K25)+($L25*$M25),0) -> 7775.1648 | O25: =IF(D25="BA/MA",1,2) -> 2
C26: =DATEDIF(A26,B26,"M")+1 -> 1 | J26: =IFERROR(IF(F26>8,VLOOKUP($F26,Stundensätze!$A$5:$C$43,$O26+1,FALSE)*1.093*1.3,VLOOKUP($F26,Stundensätze!$A$5:$C$43,$O26+1,FALSE)*1.093),0) -> 0 | K26: =IFERROR(DATEDIF(A26,$J$22,"M")+1,0) -> 1510 | L26: =IFERROR(IF(F26>8,VLOOKUP($F26,Stundensätze!$A$5:$C$43,$O26+1,FALSE)*1.093*1.3,VLOOKUP($F26,Stundensätze!$E$5:$G$43,$O26+1,FALSE)*1.093),0) -> 0 | M26: =IFERROR(DATEDIF($L$22,B26,"M")+1,0) -> 0 | N26: =IFERROR(($J26*$K26)+($L26*$M26),0) -> 0 | O26: =IF(D26="BA/MA",1,2) -> 2
C27: =DATEDIF(A27,B27,"M")+1 -> 1 | J27: =IFERROR(IF(F27>8,VLOOKUP($F27,Stundensätze!$A$5:$C$43,$O27+1,FALSE)*1.093*1.3,VLOOKUP($F27,Stundensätze!$A$5:$C$43,$O27+1,FALSE)*1.093),0) -> 0 | K27: =IFERROR(DATEDIF(A27,$J$22,"M")+1,0) -> 1510 | L27: =IFERROR(IF(F27>8,VLOOKUP($F27,Stundensätze!$A$5:$C$43,$O27+1,FALSE)*1.093*1.3,VLOOKUP($F27,Stundensätze!$E$5:$G$43,$O27+1,FALSE)*1.093),0) -> 0 | M27: =IFERROR(DATEDIF($L$22,B27,"M")+1,0) -> 0 | N27: =IFERROR(($J27*$K27)+($L27*$M27),0) -> 0 | O27: =IF(D27="BA/MA",1,2) -> 2
C28: =DATEDIF(A28,B28,"M")+1 -> 1 | J28: =IFERROR(IF(F28>8,VLOOKUP($F28,Stundensätze!$A$5:$C$43,$O28+1,FALSE)*1.093*1.3,VLOOKUP($F28,Stundensätze!$A$5:$C$43,$O28+1,FALSE)*1.093),0) -> 0 | K28: =IFERROR(DATEDIF(A28,$J$22,"M")+1,0) -> 1510 | L28: =IFERROR(IF(F28>8,VLOOKUP($F28,Stundensätze!$A$5:$C$43,$O28+1,FALSE)*1.093*1.3,VLOOKUP($F28,Stundensätze!$E$5:$G$43,$O28+1,FALSE)*1.093),0) -> 0 | M28: =IFERROR(DATEDIF($L$22,B28,"M")+1,0) -> 0 | N28: =IFERROR(($J28*$K28)+($L28*$M28),0) -> 0 | O28: =IF(D28="BA/MA",1,2) -> 2
C29: =DATEDIF(A29,B29,"M")+1 -> 1 | J29: =IFERROR(IF(F29>8,VLOOKUP($F29,Stundensätze!$A$5:$C$43,$O29+1,FALSE)*1.093*1.3,VLOOKUP($F29,Stundensätze!$A$5:$C$43,$O29+1,FALSE)*1.093),0) -> 0 | K29: =IFERROR(DATEDIF(A29,$J$22,"M")+1,0) -> 1510 | L29: =IFERROR(IF(F29>8,VLOOKUP($F29,Stundensätze!$A$5:$C$43,$O29+1,FALSE)*1.093*1.3,VLOOKUP($F29,Stundensätze!$E$5:$G$43,$O29+1,FALSE)*1.093),0) -> 0 | M29: =IFERROR(DATEDIF($L$22,B29,"M")+1,0) -> 0 | N29: =IFERROR(($J29*$K29)+($L29*$M29),0) -> 0 | O29: =IF(D29="BA/MA",1,2) -> 2
C30: =DATEDIF(A30,B30,"M")+1 -> 1 | J30: =IFERROR(IF(F30>8,VLOOKUP($F30,Stundensätze!$A$5:$C$43,$O30+1,FALSE)*1.093*1.3,VLOOKUP($F30,Stundensätze!$A$5:$C$43,$O30+1,FALSE)*1.093),0) -> 0 | K30: =IFERROR(DATEDIF(A30,$J$22,"M")+1,0) -> 1510 | L30: =IFERROR(IF(F30>8,VLOOKUP($F30,Stundensätze!$A$5:$C$43,$O30+1,FALSE)*1.093*1.3,VLOOKUP($F30,Stundensätze!$E$5:$G$43,$O30+1,FALSE)*1.093),0) -> 0 | M30: =IFERROR(DATEDIF($L$22,B30,"M")+1,0) -> 0 | N30: =IFERROR(($J30*$K30)+($L30*$M30),0) -> 0 | O30: =IF(D30="BA/MA",1,2) -> 2
C31: =DATEDIF(A31,B31,"M")+1 -> 1 | J31: =IFERROR(IF(F31>8,VLOOKUP($F31,Stundensätze!$A$5:$C$43,$O31+1,FALSE)*1.093*1.3,VLOOKUP($F31,Stundensätze!$A$5:$C$43,$O31+1,FALSE)*1.093),0) -> 0 | K31: =IFERROR(DATEDIF(A31,$J$22,"M")+1,0) -> 1510 | L31: =IFERROR(IF(F31>8,VLOOKUP($F31,Stundensätze!$A$5:$C$43,$O31+1,FALSE)*1.093*1.3,VLOOKUP($F31,Stundensätze!$E$5:$G$43,$O31+1,FALSE)*1.093),0) -> 0 | M31: =IFERROR(DATEDIF($L$22,B31,"M")+1,0) -> 0 | N31: =IFERROR(($J31*$K31)+($L31*$M31),0) -> 0 | O31: =IF(D31="BA/MA",1,2) -> 2
A34: B. Calculation of non-HR expenditures | J34: Total non-HR expenditures | N34: =F38+F52+F66+F80 -> 8392
A36: B1. Infrastructure
A37: Description | D37: Price per item / EUR | E37: pieces | F37: Budget used | H37: Fellows Comments | P37: If you buy equipment, such as hardware or software, please make sure, that adressee of the invoice is Technical University Munich Chair or Professorship Street and number XXXXX München Germany Please state the unique identifier of your project and / or your name when ordering! This enables the correct accounting of your project costs.
F38: =SUM(F39:F48) -> 4000
A39: Test item 1 | D39: 3000 | E39: 1 | F39: =D39*E39 -> 3000 | H39: Test comment
A40: Test item 2 | D40: 500 | E40: 2 | F40: =D40*E40 -> 1000
F41: =D41*E41 -> 0
F42: =D42*E42 -> 0
F43: =D43*E43 -> 0
F44: =D44*E44 -> 0
F45: =D45*E45 -> 0
F46: =D46*E46 -> 0
F47: =D47*E47 -> 0
F48: =D48*E48 -> 0
A50: B2. Workshops & Events (organized by the fellow)
A51: Description | E51: Price in EUR | F51: Budget used | H51: Fellows Comments | P51: If you order services, such as catering, please make sure, that adressee of the invoice is Technical University Munich Chair or Professorship Street and number XXXXX München Germany Please state the unique identifier of your project and / or your name when ordering! This enables the correct accounting of your project costs.
F52: =SUM(E53:E62) -> 3500
A53: Workshop "Test" | E53: 3500 | H53: Test comment
A64: B3. Travel costs (conferences, workshops visited by the fellow)
A65: Description | E65: Price in EUR | F65: Budget used | H65: Fellows Comments | P65: The relevant travel costs can be reimbursed according to the rules of BayRKG (Bayerisches Reisekostengesetz): That means: train tickets second class flight tickets economy public transport hotel costs up to 90 /120 EUR (small city / big city) Uber or taxis only when public transport is not available Please state the unique identifier of your project and / or your name when ordering! This enables the correct accounting of your project costs.
F66: =SUM(E67:E76) -> 558
A67: Business trip to Testtown | E67: 300 | H67: Test comment
A68: Business trip to Testtown 2 | E68: 258
A78: B4. Other costs
A79: Description | E79: Price in EUR | F79: Budget used | H79: Fellows Comments
F80: =SUM(E81:E91) -> 334
A81: Description | E81: 334

Sheet Stammdaten
A1: Beschäftigungsarten | C1: Konto | D1: Kostenart | E1: Stellenbewertungen | G1: Prüfungsergebnis HfP
A2: wissenschaftlicher Mitarbeiter | B2: 1 | C2: 42801(01) | D2: 42801001 | E2: E5 | G2: Die Planstelle ist verfügbar, damit ist die Finanzierung gewährleistet
A3: Nicht-wissenschaftlicher Mitarbeiter | B3: 1 | C3: 42801(02) | D3: 42801002 | E3: E6 | G3: Der Planstellenanteil ist verfügbar, damit ist die Finanzierung gewährleistet
A4: Studentische Hilfskraft | B4: 2 | C4: 42801(03) | D4: 42801003 | E4: E7 | G4: Die Finanzierung ist nicht gewährleistet, weil die Planstelle/der Planstellenanteil nicht verfügbar ist
A5: E-Scout/Tutor | B5: 2 | C5: 42811 | D5: 42811001 | E5: E8 | G5: Die Finanzierung ist gewährleistet, da der verfügbare Haushaltsansatz ausreichend ist.
C6: 42896(01) | D6: 42811002 | E6: E9a | G6: Die Finanzierung ist nicht gewährleistet, da der verfügbare Haushaltsansatz nicht ausreichend ist.
A7: Professuren | C7: 42896(02) | D7: 42896001 | E7: E9b
A8: European and Global Governance (Conceicao-Heldt) | C8: 42896(03) | D8: 42986002 | E8: E10
A9: International Relations (Büthe) | C9: Professoren | D9: 42896003 | E9: E11 | G9: Varianten verfügbares Budget
A10: Political Data Science (Hegelich) | C10: Prof. Dr. Eugénia da Conceição-Heldt | E10: E12 | G10: Variante 1
A11: Political Philosophy and Theory (Ulbricht komm.) | C11: Prof. Dr. Tim Büthe | E11: E13 | G11: Variante 2
A12: Computational Social Science (Pfeffer) | C12: Prof. Dr. Simon Hegelich | E12: E13Ü | G12: Variante 3
A13: Environmental and Climate Policy (Schreurs) | C13: Prof. Dr. Lena Ulbricht | E13: E14 | G13: Variante 4
A14: Policy Analysis (Wurster) | C14: Prof. Dr. Jürgen Pfeffer | E14: E15
A15: Global Health (Steinert) | C15: Prof. Dr. Miranda Schreurs | E15: E15Ü
A16: International Political Economy (Sebö komm.) | C16: Prof. Dr. Stefan Wurster | E16: W1
A17: Politics of Finance (Pond) | C17: Prof. Dr. Janina Steinert | E17: W2
A18: Global Security & Technology (Paula) | C18: Prof. Dr. Mariana Sebö | E18: W2 TT
A19: Digital Governance (Theocharis) | C19: Prof. Dr. Amy Pond | E19: W3
A20: Public Policy, Governance and Innovative Technology (Gasser) | C20: Prof. Dr. Katrin Paula
A21: TUM Think Tank | C21: Prof. Dr. Ioannis Theocharis
A22: Verwaltung | C22: Prof. Dr. Urs Gasser
E23: Stufen
A24: Kostenstelle | C24: Kostenstellenbezeichnung | E24: 1
A25: XHP0091000 | C25: Hochschulleitung | E25: 2
A26: XHP0092000 | C26: Bibliothek | E26: 3
A27: XHP0093000 | C27: Verwaltung allgemein | E27: 4
A28: XHP0094000 | C28: IT | E28: 5
A29: XHP0095000 | C29: ÖAR/Marketing | E29: 6
A30: XHP0096000 | C30: Studienzuschüsse
A31: XHP0099001 | C31: European and Global Governance (Conceicao-Heldt) | E31: Sozverspflicht
A32: XHP0990101 | C32: HfP Seed Funds | E32: ja
A33: XHP0099002 | C33: International Relations (Büthe) | E33: nein
A34: XHP0990201 | C34: HfP Seed Funds
A35: XHP0099003 | C35: Political Data Science (Hegelich) | E35: Drittmittel
A36: XHP0099004 | C36: Political Philosophy and Theory (Ulbricht komm.) | E36: Drittmittel TUM-SOT
A37: XHP0099005 | C37: Computational Social Science (Pfeffer) | E37: Drittmittel HfP
A38: XHP0099006 | C38: Environmental and Climate Policy (Schreurs)
A39: XHP0990601 | C39: HfP Seed Funds | E39: BA / no degree
A40: XHP0099007 | C40: Policy Analysis (Wurster) | E40: BA
A41: XHP0097001 | C41: Spenden allgemein | E41: no degree
A42: XHP0097002 | C42: Spenden Freundesgesellschaft
A43: XHP0097003 | C43: Spenden ECH | E43: Fellow name | F43: Unique identifier | G43: Projekt name
A44: XHP0097004 | C44: Spenden Schreurs | E44: Abouela, Mohamed | F44: FSF201 | G44: Fighting Greenwashing in Transportation | H44: Abouela | I44: Mohamed
A45: XHP0099008 | C45: Global Health (Steinert) | E45: Cantürk, Baris C. | F45: FSF202 | G45: Future Finance Law Hub (“F2L_Hub”) | H45: Cantürk | I45: Baris C.
A46: XHP0099009 | C46: International Political Economy (Sebö komm.) | E46: Kigwiru, Vellah Kedogo | F46: FSF203 | G46: The Tech-Regulatory Dilemma: Law and Politics of Regulating Competition in Digital Markets | H46: Kigwiru | I46: Vellah
A47: XHP0099010 | C47: Politics of Finance (Pond) | E47: Prenkaj, Bardh | F47: FSF204 | G47: Game-Theoretic Counterfactual Explainability for Ethical and Transparent AI in Society | H47: Prenkaj | I47: Bardh
A48: XHP0099011 | C48: Global Security & Technology (Paula) | E48: Schmalzl, Kathrin | F48: FSF205 | G48: Posture Boost: Promote children’s health through AI-based posture analysis | H48: Schmalzl | I48: Kathrin
A49: XHP0099012 | C49: Digital Governance (Theocharis) | E49: Schüller, Iris | F49: FSF206 | G49: WELL ConnecTUM | H49: Schüller | I49: Iris
A50: XHP0991201 | C50: HfP Seed Funds | E50: Sipos, Regina | F50: FSF207 | G50: Treasure Hunt: Towards an Evidence-Based Translational Design Framework for Human-Centered Innovation (T:INTERFACE) | H50: Sipos | I50: Regina
A51: XHP0098001 | C51: TUM Think Tank Professur | E51: Trauttmansdorff, Paul | F51: FSF208 | G51: Coding Faces in Medicine: Promises, Pitfalls, Challenges | H51: Trauttmansdorff | I51: Paul
A52: XHP0098002 | C52: TUM Think Tank Geschäftsstelle | E52: Wais, Niklas | F52: FSF209 | G52: Law & AI: Navigating the Intersection | H52: Wais | I52: Niklas
A53: XHP0098003 | C53: TUM Think Tank Professionelle Weiterbildung
A54: XHP0091001 | C54: Zeitschrift
A55: XHP0099013 | C55: Public Policy, Governance and Innovative Technology (Gasser)

Sheet Tabellengehälter_2025
A1: Entgelttabelle TV-L 2025 (ab 01.02.2025, inkl. AG-Anteil 30%) | H1: Jahressonderzahlung TV-L
A2: € | B2: 1 | C2: 2 | D2: 3 | E2: 4 | F2: 5 | G2: 6
A3: E15Ü | B3: 8662.6409 | C3: 9585.0896 | D3: 10460.565 | E3: 11034.735 | F3: 11175.979 | G3: 0 | H3: 0.3253 | J3: 2018 | K3: 2019 | L3: 2020 | M3: 2022
A4: E15 | B4: 7148.2433 | C4: 7664.8302 | D4: 7937.8116 | E4: 8907.4021 | F4: 9641.6079 | G4: 9922.6281 | H4: 0.3253 | I4: E 14 bis E 15 | J4: 0.35 | K4: 0.3398 | L4: 0.3295 | M4: 0.3253
A5: E14 | B5: 6497.906 | C5: 6968.247 | D5: 7354.2002 | E5: 7937.8116 | F5: 8832.04 | G5: 9088.801 | H5: 0.3253 | I5: E 12 bis E 13 | J5: 0.5 | K5: 0.4854 | L5: 0.4707 | M5: 0.4647
A6: E13Ü | C6: 6523.4968 | D6: 6856.6975 | E6: 8027.6017 | F6: 8931.9454 | G6: 9191.6108 | H6: 0.3253 | I6: E 9a bis E 11 | J6: 0.8 | K6: 0.7766 | L6: 0.7531 | M6: 0.7435
A7: E13 | B7: 6080.5382 | C7: 6523.4968 | D7: 6856.6975 | E7: 7504.0157 | F7: 8398.8506 | G7: 8642.5192 | H7: 0.4647 | I7: E 5 bis E 8 | J7: 0.95 | K7: 0.9219 | L7: 0.894 | M7: 0.8814
A8: E12 | B8: 5507.5696 | C8: 5876.1655 | D8: 6656.7771 | E8: 7342.196 | F8: 8227.509 | G8: 8466.0161 | H8: 0.4647 | I8: E 1 bis E 4 | K8: 0.9169 | L8: 0.8891 | M8: 0.8743
A9: E11 | B9: 5457.6338 | C9: 5805.74 | D9: 6202.2655 | E9: 6805.6809 | F9: 7681.6195 | G9: 7903.5749 | H9: 0.7435
A10: E10 | B10: 5274.8595 | C10: 5616.4669 | D10: 6007.608 | E10: 6406.6176 | F10: 7165.818 | G10: 7372.2917 | H10: 0.7435
A11: E9b | B11: 4726.5906 | C11: 5055.9387 | D11: 5270.4956 | E11: 5863.3839 | F11: 6367.7183 | G11: 6550.2777 | H11: 0.7435
A12: E9a | B12: 4726.5906 | C12: 5055.9387 | D12: 5127.48 | E12: 5270.4956 | F12: 5863.3839 | G12: 6028.971 | H12: 0.7435
A13: E 8 | B13: 4506.0276 | C13: 4831.133 | D13: 5011.8345 | E13: 5183.577 | F13: 5373.3598 | G13: 5490.8321 | H13: 0.8814
A14: E 7 | B14: 4256.6807 | C14: 4574.1708 | D14: 4813.0384 | E14: 4993.7807 | F14: 5138.388 | G14: 5264.8873 | H14: 0.8814
A15: E 6 | B15: 4189.8135 | C15: 4504.0729 | D15: 4679.3448 | E15: 4858.2409 | F15: 4975.6996 | G15: 5102.2124 | H15: 0.8814

Sheet Tabellengehälter_2026
A1: Entgelttabelle TV-L 2026 (ab 01.11.2025, inkl. AG-Anteil 30%) Angenommene Gehaltssteigerung um 5% ab 01.11.2025 | H1: Jahressonderzahlung TV-L
A2: € | B2: 1 | C2: 2 | D2: 3 | E2: 4 | F2: 5 | G2: 6
A3: E15Ü | B3: 9095.773 | C3: 10064.344 | D3: 10983.593 | E3: 11586.472 | F3: 11734.778 | G3: 0 | H3: 0.3253 | J3: 2018 | K3: 2019 | L3: 2020 | M3: 2022
A4: E15 | B4: 7505.6555 | C4: 8048.0717 | D4: 8334.7022 | E4: 9352.7722 | F4: 10123.688 | G4: 10418.76 | H4: 0.3253 | I4: E 14 bis E 15 | J4: 0.35 | K4: 0.3398 | L4: 0.3295 | M4: 0.3253
A5: E14 | B5: 6822.8013 | C5: 7316.6594 | D5: 7721.9102 | E5: 8334.7022 | F5: 9273.642 | G5: 9543.2411 | H5: 0.3253 | I5: E 12 bis E 13 | J5: 0.5 | K5: 0.4854 | L5: 0.4707 | M5: 0.4647
A6: E13Ü | B6: 0 | C6: 6849.6716 | D6: 7199.5324 | E6: 8428.9818 | F6: 9378.5427 | G6: 9651.1914 | H6: 0.3253 | I6: E 9a bis E 11 | J6: 0.8 | K6: 0.7766 | L6: 0.7531 | M6: 0.7435
A7: E13 | B7: 6384.5651 | C7: 6849.6716 | D7: 7199.5324 | E7: 7879.2165 | F7: 8818.7931 | G7: 9074.6452 | H7: 0.4647 | I7: E 5 bis E 8 | J7: 0.95 | K7: 0.9219 | L7: 0.894 | M7: 0.8814
A8: E12 | B8: 5782.9481 | C8: 6169.9738 | D8: 6989.6159 | E8: 7709.3058 | F8: 8638.8845 | G8: 8889.3169 | H8: 0.4647 | I8: E 1 bis E 4 | K8: 0.9169 | L8: 0.8891 | M8: 0.8743
A9: E11 | B9: 5730.5154 | C9: 6096.027 | D9: 6512.3787 | E9: 7145.9649 | F9: 8065.7004 | G9: 8298.7537 | H9: 0.7435
A10: E10 | B10: 5538.6025 | C10: 5897.2902 | D10: 6307.9884 | E10: 6726.9485 | F10: 7524.109 | G10: 7740.9063 | H10: 0.7435
A11: E9b | B11: 4962.9201 | C11: 5308.7356 | D11: 5534.0204 | E11: 6156.5531 | F11: 6686.1042 | G11: 6877.7916 | H11: 0.7435
A12: E9a | B12: 4962.9201 | C12: 5308.7356 | D12: 5383.854 | E12: 5534.0204 | F12: 6156.5531 | G12: 6330.4196 | H12: 0.7435
A13: E 8 | B13: 4731.329 | C13: 5072.6896 | D13: 5262.4262 | E13: 5442.7559 | F13: 5642.0278 | G13: 5765.3737 | H13: 0.8814
A14: E 7 | B14: 4469.5147 | C14: 4802.8793 | D14: 5053.6903 | E14: 5243.4697 | F14: 5395.3074 | G14: 5528.1316 | H14: 0.8814
A15: E 6 | B15: 4399.3042 | C15: 4729.2766 | D15: 4913.312 | E15: 5101.153 | F15: 5224.4846 | G15: 5357.3231 | H15: 0.8814

Sheet Stundensätze
D1: Wochen im Monat | I1: ggf noch 9,3% Zuschlag dazu rechnen!
A2: 2025 | E2: 2026
A3: Beschäftigung in Wochenstunden | B3: BA/MA | C3: no degree | D3: 4.34 | E3: Beschäftigung in Wochenstunden | F3: BA/MA | G3: no degree
B4: 15.41 | C4: 14 | F4: 15.8 | G4: 14.5 | H4: assumption
A5: 1 | B5: =ROUNDUP($B$4*$D$3*A5,0) -> 67 | C5: =ROUNDUP($C$4*$D$3*A5,0) -> 61 | E5: 1 | F5: =ROUNDUP($F$4*$D$3*E5,0) -> 69 | G5: =ROUNDUP($G$4*$D$3*E5,0) -> 63
A6: 1.5 | B6: =ROUNDUP($B$4*$D$3*A6,0) -> 101 | C6: =ROUNDUP($C$4*$D$3*A6,0) -> 92 | E6: 1.5 | F6: =ROUNDUP($F$4*$D$3*E6,0) -> 103 | G6: =ROUNDUP($G$4*$D$3*E6,0) -> 95
A7: 2 | B7: =ROUNDUP($B$4*$D$3*A7,0) -> 134 | C7: =ROUNDUP($C$4*$D$3*A7,0) -> 122 | E7: 2 | F7: =ROUNDUP($F$4*$D$3*E7,0) -> 138 | G7: =ROUNDUP($G$4*$D$3*E7,0) -> 126
A8: 2.5 | B8: =ROUNDUP($B$4*$D$3*A8,0) -> 168 | C8: =ROUNDUP($C$4*$D$3*A8,0) -> 152 | E8: 2.5 | F8: =ROUNDUP($F$4*$D$3*E8,0) -> 172 | G8: =ROUNDUP($G$4*$D$3*E8,0) -> 158
A9: 3 | B9: =ROUNDUP($B$4*$D$3*A9,0) -> 201 | C9: =ROUNDUP($C$4*$D$3*A9,0) -> 183 | E9: 3 | F9: =ROUNDUP($F$4*$D$3*E9,0) -> 206 | G9: =ROUNDUP($G$4*$D$3*E9,0) -> 189
A10: 3.5 | B10: =ROUNDUP($B$4*$D$3*A10,0) -> 235 | C10: =ROUNDUP($C$4*$D$3*A10,0) -> 213 | E10: 3.5 | F10: =ROUNDUP($F$4*$D$3*E10,0) -> 241 | G10: =ROUNDUP($G$4*$D$3*E10,0) -> 221
A11: 4 | B11: =ROUNDUP($B$4*$D$3*A11,0) -> 268 | C11: =ROUNDUP($C$4*$D$3*A11,0) -> 244 | E11: 4 | F11: =ROUNDUP($F$4*$D$3*E11,0) -> 275 | G11: =ROUNDUP($G$4*$D$3*E11,0) -> 252
A12: 4.5 | B12: =ROUNDUP($B$4*$D$3*A12,0) -> 301 | C12: =ROUNDUP($C$4*$D$3*A12,0) -> 274 | E12: 4.5 | F12: =ROUNDUP($F$4*$D$3*E12,0) -> 309 | G12: =ROUNDUP($G$4*$D$3*E12,0) -> 284
A13: 5 | B13: =ROUNDUP($B$4*$D$3*A13,0) -> 335 | C13: =ROUNDUP($C$4*$D$3*A13,0) -> 304 | E13: 5 | F13: =ROUNDUP($F$4*$D$3*E13,0) -> 343 | G13: =ROUNDUP($G$4*$D$3*E13,0) -> 315
A14: 5.5 | B14: =ROUNDUP($B$4*$D$3*A14,0) -> 368 | C14: =ROUNDUP($C$4*$D$3*A14,0) -> 335 | E14: 5.5 | F14: =ROUNDUP($F$4*$D$3*E14,0) -> 378 | G14: =ROUNDUP($G$4*$D$3*E14,0) -> 347
A15: 6 | B15: =ROUNDUP($B$4*$D$3*A15,0) -> 402 | C15: =ROUNDUP($C$4*$D$3*A15,0) -> 365 | E15: 6 | F15: =ROUNDUP($F$4*$D$3*E15,0) -> 412 | G15: =ROUNDUP($G$4*$D$3*E15,0) -> 378
A16: 6.5 | B16: =ROUNDUP($B$4*$D$3*A16,0) -> 435 | C16: =ROUNDUP($C$4*$D$3*A16,0) -> 395 | E16: 6.5 | F16: =ROUNDUP($F$4*$D$3*E16,0) -> 446 | G16: =ROUNDUP($G$4*$D$3*E16,0) -> 410
... A43: 20 | B43: =ROUNDUP($B$4*$D$3*A43,0) -> 1338 | C43: =ROUNDUP($C$4*$D$3*A43,0) -> 1216 | E43: 20 | F43: =ROUNDUP($F$4*$D$3*E43,0) -> 1372 | G43: =ROUNDUP($G$4*$D$3*E43,0) -> 1259
